Unix NetHack Version 3.7.0-94 Work-in-progress - last build Dec 13 2023 01:40:03 (eb5afe49d650b6f5c6196fad733e3b2b9fb6c025,branch:master). Game began 2023-12-13 19:14:12, ended 2023-12-13 19:51:05. elenmirie, neutral female human Priestess --- --[. ..... --).-- --.)-- ---)G-| -.@G*<------ ............ .........--- ........... ......---.. ....- - Elenmirie the Adept St:10 Dx:14 Co:17 In:9 Wi:18 Ch:10 Neutral Dlvl:6 $:68 HP:0(49) Pw:79(102) AC:4 Xp:7/716 T:5643 Burdened Latest messages: You kill the gnome! The hobbit picks up an uncursed crossbow bolt. The hobbit tries to wield a cursed crossbow. The hobbit's sling is welded to his hand! The hobbit picks up 2 uncursed crossbow bolts. A dart misses you. You are hit by a dart. A dart misses you. A dart misses you. You are hit by a dart. You see here an uncursed rock. The gnome lord picks up an uncursed dart. The gnome lord picks up 2 uncursed rocks. You kill the hobbit! The gnome lord picks up an uncursed dart. You see here a cursed bronze plate mail. The gnome lord picks up an uncursed dagger. The gnome lord picks up an uncursed bag of tricks. A crossbow bolt misses you. A crossbow bolt misses you. The gnome lord wields an uncursed dagger! The gnome shoots an arrow! An arrow misses you. The gnome hits! The gnome hits! The crossbow bolt misses the gnome. You are almost hit by a crossbow bolt. The crossbow bolt misses the gnome. A crossbow bolt misses you. You hit the gnome lord! The gnome lord thrusts his dagger. The gnome lord hits! You are almost hit by an arrow. The gnome hits! You hit the gnome lord! The gnome lord thrusts his dagger. The gnome lord hits! You are hit by an arrow. The gnome hits! The gnome lord thrusts his dagger. The gnome lord hits! An arrow misses you. The gnome lord thrusts his dagger. The gnome lord hits! You die... Do you want your possessions identified? [ynq] (y) y Do you want to see your attributes? [ynq] (y) y Do you want an account of creatures vanquished? [ynaq] (y) y Do you want to see your conduct and achievements? [ynq] (y) y Do you want to see the dungeon overview? [ynq] (y) y Inventory: Coins $ - 68 gold pieces Weapons l - 9 uncursed +1 darts k - 50 uncursed +0 darts (at the ready) m - 8 uncursed +0 shuriken a - a blessed +1 mace (weapon in right hand) Armor C - an uncursed +0 orcish helm (being worn) O - a blessed +0 pair of iron shoes (being worn) c - an uncursed +0 small shield (being worn) b - a blessed +0 robe (being worn) G - an uncursed +0 dwarvish mithril-coat Comestibles p - an uncursed holy moly Q - an uncursed clove of garlic r - an uncursed food ration f - an uncursed sprig of wolfsbane Scrolls D - an uncursed scroll of scare monster Rings B - a cursed -2 ring of increase damage A - an uncursed ring of slow digestion Wands y - an uncursed wand of cancellation (0:4) t - an uncursed wand of create monster (0:14) E - an uncursed wand of fire (0:4) i - an uncursed wand of light (0:9) J - an uncursed wand of opening (0:5) F - an uncursed wand of slow monster (0:6) o - an uncursed wand of speed monster (0:5) Tools w - a cursed sack containing 19 items n - an uncursed frost horn (0:4) x - an uncursed blindfold e - an uncursed skeleton key P - an uncursed stethoscope z - an uncursed wax candle Gems/Stones v - an uncursed luckstone Contents of the sack: 735 gold pieces a cursed scroll of amnesia a blessed scroll of blank paper an uncursed scroll of create monster a cursed scroll of create monster an uncursed scroll of destroy armor a cursed scroll of enchant weapon a blessed scroll of fire a cursed scroll of light an uncursed scroll of teleportation a cursed scroll of teleportation an uncursed potion of blindness an uncursed potion of confusion an uncursed potion of extra healing an uncursed potion of gain energy a blessed potion of healing 2 uncursed potions of healing an uncursed potion of levitation 4 potions of holy water Elenmirie the Priestess's attributes: Background: You were an Adept, a level 7 human Priestess. You were neutral, on a mission for Hermes who was opposed by Athena (lawful) and Poseidon (chaotic). You were right-handed. You were in the Gnomish Mines, on level 6. You entered the dungeon 5643 turns ago. There was a new moon in effect when your adventure ended. You had 716 experience points, 564 more were needed to attain level 8. Basics: You had 0 out of 49 hit points. You had 79 out of 102 energy points (spell power). Your armor class was 4. Your wallet contained 68 zorkmids, and you had 735 more stashed away in your pack. Autopickup was on for '$' plus thrown. Final Characteristics: Your strength was 10 (limit:18/100). Your dexterity was 14 (limit:18). Your constitution was 17 (limit:18). Your intelligence was 9 (limit:18). Your wisdom was 18 (limit:18). Your charisma was 10 (limit:18). Final Status: You weren't hungry. You were burdened; movement was slightly slowed. You were wielding a mace. You were skilled in mace and could have enhanced that. Final Attributes: You were piously aligned. You were poison resistant. You were telepathic. You were guarded. You were lucky. You had extra luck. Bad luck did not time out for you. Good luck did not time out for you. You are dead. Miscellaneous: You never encountered a bones level. Total elapsed playing time was 36 minutes and 53 seconds. Major events: Turn 1: elenmirie the neutral human Priestess entered the dungeon 1004: entered the Gnomish Mines 1006: attained the rank of Acolyte (level 3) 4102: attained the rank of Adept (level 6) 5643: killed by a gnome lord Vanquished creatures: a rock piercer a fog cloud a shrieker 3 gnome leaders a gnomish wizard 2 gray oozes 2 giant ants 4 floating eyes a kitten 4 dwarves a homunculus 2 kobold leaders 5 hill orcs a dwarf zombie a wererat 5 iguanas 3 coyotes 3 hobbits 6 manes a large kobold 2 hobgoblins 4 cave spiders a brown mold 23 gnomes a gnome zombie 7 geckos 18 jackals a fox a kobold 2 goblins 12 grid bugs 5 lichens a kobold zombie 9 newts 135 creatures vanquished. No species were genocided or became extinct. Voluntary challenges: You read items or engraved 3 times. You never engraved Elbereth. You never genocided any monsters. You never polymorphed an object. You never changed form. You used no wishes. Achievements: You entered a shop. You entered the Gnomish Mines. You attained the rank of Acolyte. You attained the rank of Adept. The Dungeons of Doom: levels 1 to 6 Level 1: Level 2: A fountain. Level 3: A scroll shop, an altar to Hermes. Stairs down to The Gnomish Mines. Level 4: A fountain. Level 5: A potion shop, an altar, a fountain. Level 6: A general store. The Gnomish Mines: levels 4 to 6 Level 4: Level 5: Level 6: <- You were here. Final resting place for you, killed by a gnome lord. Game over: ---------- / \ / REST \ / IN \ / PEACE \ / \ | elenmirie | | 803 Au | | killed by a | | gnome lord | | | | | | 2023 | *| * * * | * _________)/\\_//(\/(/\)/\//\/|_)_______ Goodbye elenmirie the Priestess... You died in The Gnomish Mines on dungeon level 6 with 3867 points, and 803 pieces of gold, after 5643 moves. You were level 7 with a maximum of 49 hit points when you died.